 Dungeon Crawl Stone Soup version 0.25-a0-829-g4e6a552 (webtiles) character file.

Game seed: 10380896215949374106, levelgen mode: deterministic

1888 BlueFish the Thaumaturge (level 8, 0/60 HPs)
             Began as a Mummy Wizard on Apr 21, 2020.
             Was an Initiate of Kikubaaqudgha.
             Slain by a wyvern (12 damage)
             ... on level 9 of the Dungeon.
             The game lasted 00:24:37 (8853 turns).

BlueFish the Thaumaturge (Mummy Wizard)             Turns: 8853, Time: 00:24:38

Health: 0/60       AC:  5    Str: 11    XL:     8   Next: 92%
Magic:  15/21      EV: 13    Int: 19    God:    Kikubaaqudgha [......]
Gold:   688        SH:  0    Dex: 10    Spells: 15/25 levels left

rFire    x . .     SeeInvis .   k - +1 spear (vamp)
rCold    + . .     Gourm    .   (no shield)
rNeg     + + +     Faith    .   a - +0 robe
rPois    ∞         Spirit   .   b - +0 hat
rElec    .         Reflect  .   o - +0 cloak
rCorr    .         Harm     .   c - +1 pair of gloves
MR       +....                  (no boots)
Stlth    +++.......             g - amulet of magic regeneration
HPRegen  0.20/turn              (no ring)
MPRegen  0.42/turn              (no ring)

@: very slightly contaminated
A: no food or potions, fire vulnerability, cold resistance 1, negative energy
resistance 3, torment resistance, unbreathing
a: Renounce Religion


You were on level 9 of the Dungeon.
You worshipped Kikubaaqudgha.
Kikubaaqudgha was noncommittal.
You were not hungry.

You visited 2 branches of the dungeon, and saw 8 of its levels.
You also visited: Sewer and Ossuary.

You collected 688 gold pieces.

Inventory:

Hand Weapons
 e - a +0 whip of freezing
 k - a +1 vampiric spear (weapon)
Armour
 a - a +0 robe (worn)
 b - a +0 hat (worn)
 c - a +1 pair of gloves (worn)
 o - a +0 cloak (worn)
Jewellery
 g - an amulet of magic regeneration (around neck)
 h - an uncursed amulet of faith
Wands
 d - a wand of paralysis (5)
 m - a wand of random effects (9)
Scrolls
 f - 3 scrolls of amnesia
 i - 4 scrolls of teleportation
 j - a scroll of enchant armour
 l - 4 scrolls of blinking
 n - 2 scrolls of enchant weapon
 p - 4 scrolls of remove curse
 q - a scroll of fog {unknown}


   Skills:
 * Level 4.0 Fighting
 + Level 1.2 Maces & Flails
 + Level 1.6 Polearms
 * Level 3.2 Dodging
 * Level 4.6 Stealth
 * Level 9.1 Spellcasting
 + Level 2.0 Conjurations
 + Level 2.8 Summonings
 + Level 0.7 Translocations
 + Level 1.0 Air Magic
 + Level 0.9 Poison Magic


You had 15 spell levels left.
You knew the following spells:

 Your Spells              Type           Power        Failure   Level  Hunger
a - Magic Dart            Conj           ###.         3%          1    N/A
b - Blink                 Tloc           N/A          9%          2    N/A
c - Call Imp              Summ           ###.....     3%          2    N/A
d - Slow                  Hex            #.......     12%         2    N/A
e - Mephitic Cloud        Conj/Pois/Air  ##......     14%         3    N/A

Your spell library contained the following spells:

 Spells                   Type           Power        Failure   Level  Hunger
 Conjure Flame            Conj/Fire      ##......     16%         3    N/A

Dungeon Overview and Level Annotations

Branches:
Dungeon (6/15)             Temple (1/1) D:6           Sewer (visited)
Ossuary (visited)

Altars:
Ashenzari
Cheibriados
Dithmenos
Elyvilon
Fedhas
Gozag
Hepliaklqana
Kikubaaqudgha
Makhleb
Okawaru
Qazlal
Ru
Sif Muna
Trog
Uskayaw
Vehumet
Wu Jian
Xom
Yredelemnul
Zin
The Shining One

Shops:
D:2 *   D:6 *


Innate Abilities, Weirdness & Mutations

You do not eat or drink.
Your flesh is vulnerable to fire.
You are immune to poison.
Your flesh is cold resistant. (rC+)
You are immune to negative energy. (rN+++)
You are immune to unholy pain and torment.
You can survive without breathing.


Message History

Confirm with . or Enter, or press ? or * to list all spells.
A beastly little devil appears in a puff of flame.
The wyvern closely misses your crimson imp.
Casting: Call Imp (safe; 3% risk of failure)
Confirm with . or Enter, or press ? or * to list all spells.
A beastly little devil appears in a puff of frigid air.
Casting: Call Imp (safe; 3% risk of failure)
Confirm with . or Enter, or press ? or * to list all spells.
A shadowy apparition takes form in the air.
Kikubaaqudgha accepts your kill.
You feel a bit more experienced. Something bites your white imp!
Your white imp dies!
Your crimson imp hits the wyvern but does no damage.
The wyvern is too close now for your liking.
You hit the wyvern but do no damage.
The wyvern is heavily wounded.
The wyvern bites you!
You die...
Kikubaaqudgha rasps: "You have failed me!
Welcome... oblivion!"

.≈.....# ≈
# ##. ###
##... ..#
......#####
#..#
#....)5@5#
##..#
#.######l#
# ....
..o(.l...#
[.....≈≈
≈..≈######
P.≈≈≈≈≈≈ ≈
≈≈≈≈≈≈≈≈
≈≈≈≈≈≈≈≈
P≈≈P≈ P.≈.≈


You could see a wyvern, a friendly crimson imp and a friendly shadow imp.

Vanquished Creatures
  Purgy (Sewer)
  2 phantoms
  3 centaurs (D:5)
  A scorpion (D:9)
  A crimson imp (D:9)
  3 orc priests
  A jelly (D:6)
  2 hounds
  A bullfrog skeleton (D:9)
  2 worker ants (D:6)
  4 orc wizards
  A mummy (Ossuary)
  2 hound skeletons
  11 gnolls
  13 adders
  4 shadow imps
  An adder skeleton (D:5)
  3 worms
  26 orcs
  A ball python (D:1)
  9 giant cockroaches
  13 goblins
  10 hobgoblins
  13 jackals
  7 kobolds
  A quokka (D:9)
  10 bats
  5 frilled lizards
  A gnoll zombie (Ossuary)
  A hobgoblin zombie (Ossuary)
  3 kobold zombies (Ossuary)
  A leopard gecko zombie (D:5)
  2 orc zombies (Ossuary)
  6 rats
165 creatures vanquished.

Vanquished Creatures (collateral kills)
  Grinder (D:3)
  A water moccasin (D:6)
  A sky beast (D:9)
  An orc warrior (D:9)
  A phantom (D:5)
  A wyvern skeleton (D:9)
  A scorpion (D:4)
  2 gnoll shamans
  3 worker ants
  A big kobold zombie (Ossuary)
  7 mummies (Ossuary)
  2 gnolls (D:9)
  A worm (D:3)
  A leopard gecko (D:9)
  4 orcs
  A quokka (D:6)
  A leopard gecko skeleton (D:4)
  A quokka skeleton (D:9)
31 creatures vanquished.

Vanquished Creatures (others)
  An orc wizard (D:9)
  An adder skeleton (D:9)
2 creatures vanquished.

Grand Total: 198 creatures vanquished

Notes
Turn   | Place    | Note
-------+----------+-------------------------------------------
     0 | D:1      | BlueFish the Mummy Wizard began the quest for the Orb.
     0 | D:1      | Reached XP level 1. HP: 13/13 MP: 5/5
   171 | D:1      | Found a shattered altar of Ashenzari.
   257 | D:1      | Reached XP level 2. HP: 19/19 MP: 0/7
   261 | D:1      | Learned a level 2 spell: Blink
   264 | D:1      | Learned a level 2 spell: Call Imp
   267 | D:1      | Learned a level 2 spell: Slow
   694 | D:1      | Reached skill level 1 in Conjurations
  1019 | D:1      | Reached XP level 3. HP: 24/24 MP: 5/9
  1024 | D:1      | Learned a level 3 spell: Mephitic Cloud
  1271 | D:2      | Reached skill level 5 in Spellcasting
  1316 | D:2      | Reached skill level 1 in Fighting
  1471 | D:2      | Reached XP level 4. HP: 18/32 MP: 2/11
  1811 | D:2      | Found a faded altar of an unknown god.
  1930 | D:2      | Found Zin's Purification Station.
  1931 | D:2      | Found a glowing silver altar of Zin.
  2210 | D:3      | Found a glowing drain.
  2231 | Sewer    | Entered a sewer
  2346 | Sewer    | Noticed Purgy
  2355 | Sewer    | Killed Purgy
  2355 | Sewer    | Reached XP level 5. HP: 24/38 MP: 9/13
  2699 | D:3      | Reached skill level 6 in Spellcasting
  2818 | D:3      | Noticed Grinder
  2825 | D:3      | Paralysed by Grinder for 2 turns
  2884 | D:3      | Killed Grinder
  2884 | D:3      | Reached skill level 1 in Summonings
  2884 | D:3      | Reached XP level 6. HP: 44/44 MP: 10/15
  3023 | D:3      | Found a burning altar of Makhleb.
  4051 | D:4      | Reached skill level 7 in Spellcasting
  4091 | D:4      | Reached skill level 1 in Maces & Flails
  4368 | D:4      | Reached XP level 7. HP: 24/50 MP: 2/17
  4775 | D:5      | Entered Level 5 of the Dungeon
  4858 | D:5      | Found a hide-covered altar of Uskayaw.
  4906 | D:5      | Found a sand-covered staircase.
  4911 | Ossuary  | Entered an ossuary
  5617 | D:5      | Reached skill level 8 in Spellcasting
  5856 | D:5      | Found a bloodstained altar of Trog.
  6356 | D:5      | Reached XP level 8. HP: 58/58 MP: 18/20
  6554 | D:5      | Found a hazy altar of Hepliaklqana.
  6869 | D:6      | Found Unemot's Lightly-Used Armoury.
  7260 | D:6      | Reached skill level 1 in Air Magic
  7281 | D:6      | Found a staircase to the Ecumenical Temple.
  7307 | Temple   | Entered the Ecumenical Temple
  7642 | Temple   | Became a worshipper of Kikubaaqudgha
  7721 | D:6      | You fall into a shaft and drop 3 floors!
  7902 | D:9      | Reached skill level 1 in Polearms
  8578 | D:9      | Reached skill level 9 in Spellcasting
  8853 | D:9      | Slain by a wyvern

Levels and vault maps discovered:
D:1:      shiori_arrival_elements, layout_basic, nicolae_ashenzari_panopticon
D:2:      layout_rooms, zin_purify, chequers_ecumenical_altar_grove
D:3:      layout_basic, lemuel_round_altar, cheibrodos_sewer_entry_bend,
          guppyfry_early_lair_pool, uniq_grinder
D:4:      layout_loops_ring
D:5:      layout_loops_cross, kennysheep_mini, nicolae_overflow_hidden_temple,
          nicolae_ossuary_entry_false_entrances, first_ration, basic_altar,
          minmay_joined_circles
D:6:      layout_rooms, minmay_temple_entry_gardened_gates,
          minmay_misc_feat_room, minmay_shop_damaged, kennysheep_generic_room_7
D:9:      cheibrodos_helix_gallery, layout_basic, chequers_big_river,
          minmay_misc_feat_nine_boxes
Temple:   minmay_temple_bridge_d

Skill      XL: |  1  2  3  4  5  6  7  8 |
---------------+-------------------------+-----
Conjurations   | 1 2 |  2.0
Spellcasting   | 5 6 7 8 9 |  9.1
Fighting       | 1 2 3 4 |  4.0
Stealth        | 2 3 4 |  4.6
Dodging        | 2 3 |  3.2
Summonings     | 1 2 |  2.8
Maces & Flails | 1 |  1.2
Air Magic      | 1 |  1.0
Polearms       | 1 |  1.6
Translocations | |  0.7
Poison Magic   | |  0.9

Action                   |  1- 3 |  4- 6 |  7- 9 || total
-------------------------+-------+-------+-------++-------
Melee: Unarmed           |     1 |       |       ||     1
       Whip              |    47 |    73 |   100 ||   220
       Spear             |       |       |   230 ||   230
 Cast: Magic Dart        |    84 |   139 |   174 ||   397
       Mephitic Cloud    |       |     9 |    26 ||    35
       Call Imp          |       |    22 |    85 ||   107
       Blink             |       |     1 |     3 ||     4
  Use: Scroll            |     3 |     6 |     2 ||    11
 Stab: Confused          |       |     1 |    13 ||    14
       Distracted        |       |     1 |     1 ||     2
Armor: Robe              |    16 |    12 |    62 ||    90
Dodge: Dodged            |    36 |    55 |   174 ||   265

Table legend:
 A = Non-vault XP
 B = Vault XP
 C = Vault XP percentage of total XP
 D = Non-vault monster count
 E = Vault monster count
 F = Vault count percentage of total count
                 A         B        C        D         E       F
            +---------+---------+-------+---------+---------+-------
      Total |    1990 |     708 |  26.2 |     166 |      32 |  16.2
            +---------+---------+-------+---------+---------+-------
        D:1 |      47 |       0 |   0.0 |      27 |       0 |   0.0
        D:2 |      81 |       0 |   0.0 |      25 |       0 |   0.0
        D:3 |      87 |     144 |  62.3 |      22 |       2 |   8.3
        D:4 |     218 |       0 |   0.0 |      18 |       0 |   0.0
        D:5 |     486 |     290 |  37.4 |      22 |       7 |  24.1
        D:6 |     344 |       0 |   0.0 |      19 |       0 |   0.0
        D:9 |     727 |       2 |   0.3 |      33 |       1 |   2.9
      Sewer |       0 |     160 | 100.0 |       0 |       6 | 100.0
    Ossuary |       0 |     112 | 100.0 |       0 |      16 | 100.0
            +---------+---------+-------+---------+---------+-------
